AoeStats
← tomwilmore

Arena

509782179Analyzed
1v1 RM · 5d ago on Sep 28, 2026· 23m 12s· 2 players
Game mode
Random Map
Map size
Tiny (2 player)
Population
200
Speed
Normal
Resources
Standard
Victory
Conquest
Starting age
Dark Age
Ending age
Imperial Age
RankedLock teamsTeams togetherTeam positionsShared explorationLock speedFull tech treeHidden civsTurbo modeCheats
Victory
Defeat
🇦🇷 Turks · Argentina
880
+15
🇬🇧 Slavs · United Kingdom
856
-41
tomwilmore
12:48 Feudal Age
18:08 Castle Age
15:53 Man-at-Arms
18:28 Elite Skirmisher
21:42 Double-Bit Axe
SABA
10:55 Feudal Age
12:07 Double-Bit Axe
17:34 Castle Age
15:47 Horse Collar
Connection lost

Rejoining the realm…

Still unreachable

The connection could not be restored.

Session expired

The server has moved on; the page needs a fresh start.